 Dungeon Crawl Stone Soup version 0.22.1-2-g9c5b331 (webtiles) character file.

607090 diana the Fencer (level 26, 0/218 HPs)
             Began as a Demonspawn Gladiator on Nov 15, 2018.
             Was the Champion of Cheibriados.
             Slain by a jiangshi (8 damage)
             ... summoned by a vampire mage
             ... while paralysed by a vampire knight
             ... on level 2 of the Crypt.
             The game lasted 03:04:59 (62320 turns).

diana the Fencer (Demonspawn Gladiator)            Turns: 62320, Time: 03:05:00

Health: 0/218      AC: 45    Str: 41    XL:     26   Next: 65%
Magic:  32/32      EV:  2    Int: 34    God:    Cheibriados [******]
Gold:   5919       SH:  0    Dex: 49    Spells: 25/25 levels left

rFire    + + .     SeeInvis +   A - +7 scimitar "Zohyirucoi" {venom, Str+5}
rCold    + + .     Gourm    .   l - +3 buckler {AC+3}
rNeg     . . .     Faith    .   B - +3 chain mail {rC+}
rPois    .         Spirit   .   (helmet unavailable)
rElec    +         Reflect  +   L - +2 cloak
rCorr    +         Harm     .   C - +2 pair of gloves {Dex+3}
MR       +....     Clarity  +   D - +0 pair of boots of Heol {*Corrode rElec rF++ Int+3}
Stlth    ..........             m - +4 amulet of reflection
HPRegen  0.46/turn              Q - ring of Elyvilon's Supremacy {Int+4 Dex+6 SInv}
MPRegen  0.23/turn              F - +5 ring of dexterity

@: paralysed, lethally poisoned (0 -> 0), very slow
A: claws 1, horns 3, yellow scales 3, clarity, clever 1, cold resistance 1,
icemail, shaggy fur 1, spiny 3, augmentation 3, freezing cloud immunity
}: 3/15 runes: serpentine, barnacled, silver
a: Bend Time, Temporal Distortion, Slouch, Step From Time, Renounce Religion


You were on level 2 of the Crypt.
You worshipped Cheibriados.
Cheibriados was exalted by your worship.
You were hungry.

You visited 11 branches of the dungeon, and saw 48 of its levels.
You visited the Abyss 5 times.
You visited 1 ziggurat, and saw 2 of its levels.
You also visited: Labyrinth, Bailey, Ice Cave and Volcano.

You collected 8738 gold pieces.
You spent 2819 gold pieces at shops.

Inventory:

Hand Weapons
 A - the +7 scimitar "Zohyirucoi" (weapon) {venom, Str+5}
   (You found it on level 3 of the Abyss)

   It poisons the flesh of those it strikes.
   It affects your strength (+5).
 N - a +9 double sword
Missiles
 d - 15 throwing nets (quivered)
Armour
 h - a +2 large shield
 l - a +3 buckler of protection (worn)
 B - a +3 chain mail of cold resistance (worn)
 C - a +2 pair of gloves of dexterity (worn)
 D - the +0 pair of boots of Heol (worn) {*Corrode rElec rF++ Int+3}
   (You found it on level 3 of the Elven Halls)

   It affects your intelligence (+3).
   It greatly protects you from fire.
   It insulates you from electricity.
   It may corrode you when you take damage.
 L - a +2 cloak (worn)
 T - a scarf of resistance
Jewellery
 m - a +4 amulet of reflection (around neck)
 E - the amulet of Vitality {Regen+ HP+15}
   (You took it off a deep elf demonologist on level 3 of the Elven Halls)

   [amulet of regeneration]

   It affects your health (+15).
   It increases your rate of regeneration.
 F - a +5 ring of dexterity (right hand)
 H - a +5 ring of dexterity
 Q - the ring of Elyvilon's Supremacy (left hand) {Int+4 Dex+6 SInv}
   (You found it on level 1 of the Depths)

   [ring of dexterity]

   It affects your intelligence (+4).
   It affects your dexterity (+6).
   It lets you see invisible.
Wands
 a - a wand of acid (45)
 z - a wand of flame (25)
 G - a wand of iceblast (71)
 K - a wand of digging (26)
 M - a wand of scattershot (2)
 W - a wand of clouds (24)
Scrolls
 g - 3 scrolls of fog
 j - a scroll of holy word
 k - 15 scrolls of teleportation
 o - 3 scrolls of blinking
 p - 26 scrolls of remove curse
 r - 5 scrolls of amnesia
 s - 8 scrolls of magic mapping
 u - 2 scrolls of silence
 w - 4 scrolls of enchant weapon
 I - 14 scrolls of fear
 O - 3 scrolls of summoning
 R - a scroll of enchant armour
 X - 7 scrolls of immolation
 Y - 5 scrolls of identify
 Z - a scroll of brand weapon
Potions
 b - 2 potions of magic
 c - 2 potions of ambrosia
 e - 11 potions of brilliance
 i - 12 potions of flight
 n - 21 potions of curing
 q - 5 potions of berserk rage
 t - 4 potions of might
 v - a potion of mutation
 x - 4 potions of resistance
 y - 2 potions of heal wounds
 J - 4 potions of agility
 S - 4 potions of invisibility
 V - 3 potions of cancellation
Miscellaneous
 P - 4 boxes of beasts
 U - the horn of Geryon
Comestibles
 f - 60 rations


   Skills:
 - Level 20.0 Fighting
 - Level 20.5 Long Blades
 - Level 1.7 Throwing
 * Level 19.8 Armour
 * Level 19.8 Dodging
 - Level 20.0 Shields
 - Level 12.0 Invocations


You had 25 spell levels left.
You didn't know any spells.
Your spell library contained the following spells:

 Spells                   Type           Power        Failure   Level  Hunger
 Animate Skeleton         Necr           N/A          16%         1    ##.....
 Apportation              Tloc           #.....       16%         1    ##.....
 Beastly Appendage        Tmut           #.....       16%         1    ##.....
 Confusing Touch          Hex            #.....       16%         1    ##.....
 Corona                   Hex            #......      16%         1    ##.....
 Flame Tongue             Conj/Fire      #....        16%         1    ##.....
 Freeze                   Ice            #...         16%         1    ##.....
 Pain                     Necr           #...         16%         1    ##.....
 Shock                    Conj/Air       #...         16%         1    ##.....
 Sting                    Conj/Pois      #...         16%         1    ##.....
 Summon Butterflies       Summ           #.......     16%         1    ##.....
 Corpse Rot               Necr           N/A          22%         2    ###....
 Poisonous Vapours        Pois/Air       #.....       22%         2    ###....
 Searing Ray              Conj           #.....       22%         2    ###....
 Shroud of Golubria       Chrm/Tloc      #.........   22%         2    ###....
 Slow                     Hex            #.......     22%         2    ###....
 Sticks to Snakes         Tmut           #.......     22%         2    ###....
 Sublimation of Blood     Necr           #.........   22%         2    ###....
 Throw Flame              Conj/Fire      #.....       22%         2    ###....
 Throw Frost              Conj/Ice       #.....       22%         2    ###....
 Call Canine Familiar     Summ           #.......     41%         3    ####...
 Confuse                  Hex            #.......     41%         3    ####...
 Conjure Flame            Conj/Fire      #.......     41%         3    ####...
 Gell's Gravitas          Tloc           #.........   41%         3    ####...
 Ignite Poison            Fire/Tmut/Pois #.......     41%         3    ####...
 Inner Flame              Hex/Fire       #.......     41%         3    ####...
 Lesser Beckoning         Tloc           #.........   41%         3    ####...
 Mephitic Cloud           Conj/Pois/Air  #.......     41%         3    ####...
 Ozocubu's Armour         Chrm/Ice       #.......     41%         3    ####...
 Portal Projectile        Hex/Tloc       #.....       41%         3    ####...
 Recall                   Summ/Tloc      N/A          41%         3    ####...
 Regeneration             Chrm/Necr      #.........   41%         3    ####...
 Spider Form              Tmut/Pois      #.........   41%         3    ####...
 Static Discharge         Conj/Air       #.......     41%         3    ####...
 Stone Arrow              Conj/Erth      #.....       41%         3    ####...
 Summon Guardian Golem    Hex/Summ       #.......     41%         3    ####...
 Tukima's Dance           Hex            #.......     41%         3    ####...
 Vampiric Draining        Necr           #.........   41%         3    ####...
 Animate Dead             Necr           N/A          83%         4    #####..
 Cause Fear               Hex            #.........   83%         4    #####..
 Fulminant Prism          Conj/Hex       #.........   83%         4    #####..
 Ice Form                 Ice/Tmut       #.......     83%         4    #####..
 Leda's Liquefaction      Hex/Erth       #.........   83%         4    #####..
 Petrify                  Tmut/Erth      #.......     83%         4    #####..
 Sticky Flame             Conj/Fire      #.......     83%         4    #####..
 Summon Ice Beast         Ice/Summ       #.......     83%         4    #####..
 Summon Lightning Spire   Summ/Air       #.......     83%         4    #####..
 Throw Icicle             Conj/Ice       #.......     83%         4    #####..
 Alistair's Intoxication  Tmut/Pois      #.......     99%         5    ######.
 Blade Hands              Tmut           #.........   99%         5    ######.
 Bolt of Magma            Conj/Fire/Erth #.........   99%         5    ######.
 Borgnjor's Vile Clutch   Necr/Erth      #.........   99%         5    ######.
 Fireball                 Conj/Fire      #.........   99%         5    ######.
 Irradiate                Conj/Tmut      #.........   99%         5    ######.
 Iskenderun's Battlesphe  Conj/Chrm      #.......     99%         5    ######.
 Lightning Bolt           Conj/Air       #.........   99%         5    ######.
 Metabolic Englaciation   Hex/Ice        #.........   99%         5    ######.
 Silence                  Hex/Air        #.........   99%         5    ######.
 Summon Demon             Summ           #.........   99%         5    ######.
 Summon Forest            Summ/Tloc      #.........   99%         5    ######.
 Summon Mana Viper        Hex/Summ       #.......     99%         5    ######.
 Venom Bolt               Conj/Pois      #.........   99%         5    ######.
 Yara's Violent Unravell  Hex/Tmut       #.........   99%         5    ######.
 Bolt of Cold             Conj/Ice       #.........   100%        6    #######
 Bolt of Fire             Conj/Fire      #.........   100%        6    #######
 Conjure Ball Lightning   Conj/Air       #.........   100%        6    #######
 Death Channel            Necr           #.........   100%        6    #######
 Deflect Missiles         Chrm/Air       #.........   100%        6    #######
 Freezing Cloud           Conj/Ice/Air   #.........   100%        6    #######
 Hydra Form               Tmut           #.........   100%        6    #######
 Invisibility             Hex            #.......     100%        6    #######
 Iron Shot                Conj/Erth      #.........   100%        6    #######
 Ozocubu's Refrigeration  Ice            #.........   100%        6    #######
 Poison Arrow             Conj/Pois      #.........   100%        6    #######
 Simulacrum               Ice/Necr       #.........   100%        6    #######
 Statue Form              Tmut/Erth      #........    100%        6    #######
 Dragon Form              Tmut           #.........   100%        7    #######
 Malign Gateway           Summ/Tloc      #.........   100%        7    #######
 Monstrous Menagerie      Summ           #.........   100%        7    #######
 Orb of Destruction       Conj           #.........   100%        7    #######
 Ring of Flames           Chrm/Fire      #.........   100%        7    #######
 Spellforged Servitor     Conj/Summ      #.........   100%        7    #######
 Summon Greater Demon     Summ           #.........   100%        7    #######
 Summon Hydra             Summ           #.........   100%        7    #######
 Chain Lightning          Conj/Air       #.........   100%        8    #######
 Discord                  Hex            #.........   100%        8    #######
 Ignition                 Fire           #.........   100%        8    #######
 Lehudib's Crystal Spear  Conj/Erth      #.........   100%        8    #######
 Summon Horrible Things   Summ           #.........   100%        8    #######
 Dragon's Call            Summ           #.........   100%        9    #######
 Fire Storm               Conj/Fire      #.........   100%        9    #######
 Glaciate                 Conj/Ice       #.........   100%        9    #######
 Shatter                  Erth           #.........   100%        9    #######
 Tornado                  Air            #.........   100%        9    #######


Dungeon Overview and Level Annotations

Branches:
Dungeon (15/15)            Temple (0/1) D:7            Lair (6/6) D:8
 Shoals (4/4) Lair:4        Snake (4/4) Lair:4        Slime (0/5) Lair:5
    Orc (2/2) D:11            Elf (3/3) Orc:2        Vaults (5/5) D:13
  Crypt (2/3) Vaults:2     Depths (5/5) D:15           Hell (1/1)
    Geh (0/7) Hell            Tar (1/7) Hell            Zot (0/5) Depths:5
    Dis: Hell:1         Coc: Hell:1

Altars:
Ashenzari
Cheibriados
Elyvilon
Fedhas
Gozag
Hepliaklqana
Kikubaaqudgha
Nemelex Xobeh
Qazlal
Sif Muna
Trog
Uskayaw
Vehumet
Wu Jian
Xom
Yredelemnul
The Shining One
Beogh
Lugonu

Shops:
D:5 }   D:11 [   Orc:1 [   Orc:2 %!:(   Elf:1 ==}   Elf:2 ?   Snake:1 :!
Vaults:4 (

Portals:
Hell: Depths:1 Depths:2 Depths:3 Depths:4 Depths:5
Abyss: Depths:1 Depths:3 Depths:4
Pandemonium: Depths:3

Annotations:
D:5 2 transporters
Lair:5 exclusion: 4 oklob plants
Elf:2 3 runed doors
Vaults:3 6 runed doors


Innate Abilities, Weirdness & Mutations

You have a pair of large horns on your head.
You are completely covered in yellow scales. (AC +4, rCorr)
Your flesh is cold resistant. (rC+)
A meltable icy envelope protects you from harm. (AC +10)
You are completely covered in sharp spines.
Your magical and physical power is greatly enhanced at high health.
You are immune to freezing clouds.
You have sharp fingernails.
You possess an exceptional clarity of mind.
Your mind is acute. (Int +2)
You are covered in fur. (AC +1)


Message History

The jiangshi is struck by your spines.
The jiangshi claws you but does no damage. x2
The necrophage is struck by your spines.
The necrophage hits you but does no damage.
The vampire knight hits you but does no damage.
The vampire knight bites you but does no damage.
The jiangshi is struck by your spines.
The jiangshi claws you but does no damage. x2
The vampire mage is struck by your spines.
The vampire mage hits you but does no damage.
The vampire mage completely misses you.
The spectral ettin is struck by your spines.
The spectral ettin hits you but does no damage. x2
The vampire knight is infused with unholy energy.
* * * LOW HITPOINT WARNING * * *
The vampire knight draws life force from you and is healed!
The necrophage is struck by your spines.
The necrophage hits you but does no damage.
The jiangshi claws you!
You die...

.... .<.. ... ....
..# .... .... #.#
... . #..
##.#####..
#.##..#.>.....## #.
......#........#...
#..........%.....
#.......nV......|
###......V@.......
........<)ZV..:....
######....)).!..#..
##.......)## .
#.......)...
#...........#
.............#
.)...........##
###.../.......


You could see a vampire knight (invisible), a jiangshi, a vampire mage, a
spectral ettin and a necrophage.

Vanquished Creatures
  3 ancient liches
  A juggernaut (Depths:4)
  Boris (Depths:4)
  Saint Roka (Depths:1)
  10 caustic shrikes
  Geryon (Hell)
  5 golden dragons
  The ghost of Guruc the Warrior, a veteran GrFi of Okawaru (Depths:1)
  Nikola (Vaults:2)
  A Tzitzimitl (Tar:1)
  A bone dragon (Depths:5)
  The ghost of Mehygaiv the Blocker, an adept GnFi of Elyvilon (Vaults:3)
  A doom hound (Tar:1)
  4 tentacled monstrosities
  A Hell Sentinel (Abyss:2)
  Asterion (Depths:3)
  The ghost of Tat Loefany the Warrior, an adept MiBe of Trog (Vaults:2)
  6 liches
  A quicksilver dragon (Vaults:5)
  2 deep elf blademasters (Elf:3)
  A deep elf master archer (Elf:3)
  Polyphemus (Shoals:4)
  2 krakens
  7 titans
  6 sphinxes
  4 ancient champions
  8 tentacled starspawn
  3 storm dragons
  A draconian monk (Depths:5)
  3 revenants
  Kirke (Snake:2)
  4 shadow dragons
  8 tengu reavers
  13 nagarajas
  8 fire giants
  10 deep elf sorcerers
  13 frost giants
  An orc warlord (Orc:1)
  An iron dragon (Depths:5)
  Louise (Snake:3)
  14 vault wardens
  2 ghouls (Crypt:1)
  A draconian shifter (Depths:5)
  3 spriggan defenders
  2 cacodemons
  28 very ugly things
  3 deep elf elementalists (Elf:3)
  An entropy weaver (Depths:2)
  A juggernaut skeleton (Depths:1)
  An entropy weaver (shapeshifter) (Vaults:5)
  6 reapers
  18 ironheart preservers
  3 war gargoyles
  18 stone giants
  14 deep elf demonologists
  14 vampire knights
  Azrael (Snake:3)
  A minotaur (Lab)
  A yellow draconian (Depths:5)
  5 deep elf annihilators
  A red draconian (Depths:5)
  A green draconian (Depths:5)
  2 white draconians (Depths:5)
  A dire elephant (shapeshifter) (Vaults:5)
  6 spark wasps
  A blizzard demon (Hell)
  3 green deaths
  3 ettins
  An ettin (shapeshifter) (Vaults:5)
  5 jiangshi
  A spark wasp (shapeshifter) (Depths:2)
  3 eidola
  Snorg (Lair:3)
  2 quicksilver dragon zombies
  5 merfolk javelineers
  14 deep elf death magi
  14 fire dragons
  8 yaktaur captains
  9 merfolk impalers
  8 great orbs of eyes
  9 deep elf high priests
  14 ice dragons
  A hell beast (Hell)
  9 hydras
  30 vault guards
  12 rakshasas
  15 naga warriors
  The ghost of Heatsaber the Thaumaturge, a journeyman VSEn of Ashenzari (Orc:2)
  A juggernaut simulacrum (Depths:1)
  17 ogre magi
  13 centaur warriors
  6 merfolk aquamancers (Shoals:4)
  An alligator snapping turtle (Shoals:4)
  6 deep troll earth magi
  2 merfolk avatars
  2 satyrs (Shoals:4)
  10 dancing weapons
  A catoblepas (Shoals:4)
  3 spriggan air magi
  4 death knights
  47 two-headed ogres
  3 anacondas
  4 tengu warriors
  8 hell hogs (Hell)
  5 death yaks
  A titan zombie (Tar:1)
  An orc high priest (Elf:3)
  7 deep troll shamans
  8 shock serpents
  13 naga sharpshooters
  A shock serpent (shapeshifter) (D:15)
  6 spriggan berserkers
  6 vampire magi
  Urug (D:12)
  4 sun demons (Hell)
  6 thrashing horrors
  6 soul eaters
  Sonja (Orc:1)
  20 deep elf knights
  2 iron golems (Hell)
  4 shadow wraiths
  A wretched star (Abyss:1)
  The ghost of harcile the Slasher, a novice HOFi of Okawaru (D:7)
  A fire crab (shapeshifter) (Depths:4)
  3 iron trolls
  A storm dragon skeleton (Depths:1)
  5 sixfirhies
  10 skeletal warriors
  10 hell knights
  8 salamander mystics
  2 spatial maelstroms (Abyss:2)
  A ghost moth zombie (Crypt:1)
  9 sea snakes
  An anaconda zombie (Hell)
  13 flayed ghosts
  A spark wasp zombie (Hell)
  25 deep elf archers
  5 glowing orange brains
  5 unseen horrors
  7 wizards
  25 deep trolls
  5 naga ritualists
  A shadow dragon zombie (Hell)
  2 lindwurms (Lair:6)
  19 harpies
  15 orc knights
  6 mana vipers
  A lindwurm (shapeshifter) (Zig:2)
  5 large abominations
  20 necromancers
  11 phantasmal warriors
  An orb spider (shapeshifter) (Vaults:4)
  9 ironbrand convokers
  A wolf spider zombie (D:15)
  A frost giant zombie (Hell)
  7 wolf spiders
  An iron dragon zombie (Hell)
  64 deep elf magi
  4 fauns
  An orc sorcerer (Vaults:5)
  A stone giant zombie (Vaults:5)
  2 salamanders (shapeshifter)
  2 oklob plants (Lair:5)
  A faun (shapeshifter) (D:15)
  8 salamanders
  A wolf spider (shapeshifter) (Elf:3)
  A worldbinder (Abyss:1)
  A cyclops (shapeshifter) (Depths:4)
  15 manticores
  35 ugly things
  Maurice (Orc:1)
  A sphinx skeleton (Depths:1)
  5 centaur zombies
  An elephant (Lair:1)
  26 black mambas
  8 cyclopes
  3 stone giant skeletons
  2 black mambas (shapeshifter)
  6 water nymphs
  12 merfolk sirens
  4 frost giant skeletons
  An ice statue (IceCv)
  An apocalypse crab (Abyss:1)
  5 guardian serpents
  A guardian serpent (shapeshifter) (Elf:2)
  10 vault sentinels
  2 molten gargoyles (Volcano)
  An eye of devastation (shapeshifter) (Vaults:4)
  10 rust devils
  24 naga magi
  10 spiny frogs
  A spiny frog (shapeshifter) (D:15)
  An orange demon (Hell)
  4 smoke demons
  5 torpor snails (Lair:6)
  A gargoyle (D:13)
  An elf skeleton (Vaults:5)
  A storm dragon simulacrum (Vaults:2)
  An emperor scorpion zombie (Crypt:1)
  A purple draconian zombie (Crypt:1)
  2 rime drakes
  4 yaktaur zombies
  2 yaktaurs (shapeshifter)
  4 komodo dragons
  5 spriggan zombies
  A tormentor (Abyss:2)
  16 freezing wraiths
  3 kobold demonologists
  A minotaur zombie (Crypt:1)
  32 yaktaurs
  An anaconda simulacrum (Hell)
  2 hellwings (Abyss:1)
  8 trolls
  5 spectral swamp worms (Depths:1)
  7 ice devils (Hell)
  A red draconian skeleton (Crypt:2)
  A hellion (Depths:3)
  3 tengu conjurers
  A spriggan skeleton (Depths:1)
  A silent spectre (Abyss:2)
  5 ancient zymes
  25 merfolk
  2 meliai (shapeshifter)
  7 red devils
  A jumping spider (shapeshifter) (Depths:4)
  2 polar bears (shapeshifter) (Depths:2)
  2 polar bears (D:14)
  3 meliai (D:15)
  3 tyrant leeches (Lair:6)
  A hornet (shapeshifter) (Depths:2)
  Prince Ribbit (Lair:1)
  A wind drake (shapeshifter) (Depths:2)
  2 wind drakes
  2 raiju (shapeshifter)
  2 wolf spider simulacra (IceCv)
  2 ice dragon zombies (Hell)
  19 hornets
  15 blink frogs
  A dream sheep (shapeshifter) (Vaults:4)
  29 slime creatures
  3 ettin zombies
  A blink frog (shapeshifter) (Depths:2)
  9 snapping turtles
  2 hippogriffs (shapeshifter)
  8 dream sheep
  20 hippogriffs
  11 flying skulls
  7 deep troll zombies
  3 ice dragon skeletons
  A snapping turtle (shapeshifter) (Depths:2)
  A fire dragon skeleton (Depths:1)
  12 starcursed masses
  8 air elementals
  2 fire dragon zombies
  11 wraiths
  2 redbacks (Lair:6)
  7 wyverns
  2 ettin skeletons (Crypt:1)
  A ynoxinul (Abyss:2)
  3 spriggans
  4 shadows
  12 water elementals
  2 vampires
  A yak (shapeshifter) (Depths:2)
  3 elf zombies
  A black mamba zombie (Crypt:1)
  Eustachio (D:5)
  2 tarantellas (shapeshifter)
  A hog (Snake:2)
  49 yaks
  7 hungry ghosts
  A death yak simulacrum (IceCv)
  9 fire bats
  A human (shapeshifter) (Depths:1)
  A spriggan (shapeshifter) (D:13)
  A steam dragon (Lair:5)
  2 basilisks
  11 fire elementals
  2 chaos spawn
  A neqoxec (Abyss:2)
  3 human simulacra (Vaults:1)
  Menkaure (D:7)
  Edmund (D:3)
  A swamp worm (shapeshifter) (Elf:3)
  6 wargs
  A spiny frog zombie (Hell)
  A tengu zombie (Depths:1)
  A soldier ant (D:11)
  40 nagas
  17 water moccasins
  A merfolk skeleton (Crypt:1)
  3 acid dragons
  A floating eye (shapeshifter) (Depths:5)
  4 hell hounds
  A torturous demonspawn skeleton (Crypt:1)
  A tengu skeleton (Depths:1)
  3 porcupines
  A deep troll skeleton (Vaults:5)
  2 black bears
  11 ice beasts
  An ice beast (shapeshifter) (Vaults:2)
  5 small abominations
  5 sky beasts
  2 ettin simulacra
  2 black bears (shapeshifter)
  2 human zombies
  47 orc warriors
  4 necrophages
  17 boggarts
  2 eyes of draining (D:15)
  39 ogres
  A boggart (shapeshifter) (Depths:2)
  A fire dragon simulacrum (Abyss:2)
  9 wolves
  7 phantoms
  27 centaurs
  A swamp dragon skeleton (Crypt:1)
  A crocodile (shapeshifter) (Depths:2)
  9 crocodiles
  8 big kobolds
  A wyvern zombie (D:7)
  16 bullfrogs
  8 gnoll sergeants (Bailey)
  3 earth elementals
  A wyvern skeleton (D:9)
  5 scorpions
  A water moccasin skeleton (D:6)
  11 wights
  A vampire bat (D:4)
  3 howler monkeys
  2 electric eels
  2 draconian simulacra (IceCv)
  7 lava snakes (Volcano)
  11 crimson imps
  2 quasits (Abyss:2)
  3 centaur skeletons
  4 jellies
  8 hounds
  6 gnoll shamans (Bailey)
  17 orc priests
  4 bullfrog skeletons
  4 bullfrog zombies
  An iron imp (Depths:5)
  4 hell rats (Lair:6)
  An iguana (D:8)
  32 orc wizards
  4 spriggan simulacra
  A polar bear simulacrum (IceCv)
  5 troll simulacra (IceCv)
  15 worker ants
  An acid dragon zombie (Crypt:2)
  6 centaur simulacra (IceCv)
  A hound skeleton (D:11)
  20 gnolls
  A howler monkey skeleton (Crypt:2)
  10 adders
  A naga simulacrum (IceCv)
  3 ogre simulacra (IceCv)
  4 shadow imps
  14 white imps
  An ooze (D:7)
  An adder zombie (D:7)
  3 adder skeletons
  A worm (shapeshifter) (Vaults:2)
  A worm (D:2)
  5 leopard geckos
  120 orcs
  2 giant cockroaches (D:6)
  11 goblins
  6 hobgoblins
  8 jackals
  38 kobolds
  4 quokkas
  A ball python (D:4)
  12 bats
  5 frilled lizards
  A jackal zombie (D:7)
  A leopard gecko skeleton (D:9)
  A leopard gecko zombie (D:7)
  A quokka skeleton (Crypt:1)
  8 rats
  5 crawling corpses
  2 plants (Lair:1)
  5 starspawn tentacles
  7 tentacles
2437 creatures vanquished.

Vanquished Creatures (others)
  A deep elf master archer (Elf:3)
  A stone giant (Vaults:5)
  A vampire knight (Depths:2)
  4 yaktaur captains
  A great orb of eyes (Vaults:5)
  A merfolk aquamancer (Shoals:3)
  A two-headed ogre (Vaults:5)
  An orc knight (Vaults:5)
  A deep elf archer (Vaults:1)
  A hellion (Hell)
  2 yaktaurs (Vaults:5)
  A ynoxinul (Abyss:3)
  2 humans (Snake:2)
  A warg (Depths:1)
  An ogre (Vaults:5)
  An orc priest (Depths:1)
  2 orc wizards (Depths:1)
  3 orcs
  14 fungi
  A lurking horror (Abyss:4)
  23 plants
  20 starspawn tentacles
  13 tentacles
97 creatures vanquished.

Grand Total: 2534 creatures vanquished

Notes
Turn   | Place    | Note
-------+----------+-------------------------------------------
     0 | D:1      | diana the Demonspawn Gladiator began the quest for the Orb.
     0 | D:1      | Reached XP level 1. HP: 16/16 MP: 1/1
   161 | D:1      | Gained mutation: You are partially covered in sharp spines.
                  | [demonic ancestry]
   161 | D:1      | Reached XP level 2. HP: 16/22 MP: 2/2
   512 | D:2      | Found a shattered altar of Ashenzari.
   515 | D:2      | Gained mutation: You have a pair of small horns on your
                  | head. [demonic ancestry]
   515 | D:2      | Reached XP level 3. HP: 24/27 MP: 3/3
   763 | D:2      | Gained mutation: You are partially covered in yellow
                  | scales. (AC +2) [demonic ancestry]
   763 | D:2      | Reached XP level 4. HP: 24/33 MP: 4/4
   864 | D:2      | Reached skill level 5 in Long Blades
  1034 | D:3      | Found a basalt altar of Yredelemnul.
  1070 | D:3      | Gained mutation: You are mostly covered in yellow scales.
                  | (AC +3) [demonic ancestry]
  1070 | D:3      | Reached XP level 5. HP: 25/38 MP: 5/5
  1411 | D:3      | Found a white marble altar of Elyvilon.
  1821 | D:4      | Noticed Edmund
  1821 | D:4      | Noticed a phantom
  1870 | D:4      | Reached XP level 6. HP: 40/44 MP: 6/6
  1932 | D:3      | Killed Edmund
  2004 | D:4      | Gained mutation: Your flesh is cold resistant. (rC+)
                  | [demonic ancestry]
  2004 | D:4      | Reached XP level 7. HP: 50/50 MP: 7/7
  2514 | D:4      | Found a hide-covered altar of Uskayaw.
  2565 | D:5      | Entered Level 5 of the Dungeon
  2658 | D:5      | Found a transporter.
  2679 | D:5      | Reached XP level 8. HP: 42/56 MP: 8/8
  2798 | D:5      | Found Mifrurav's Gadget Emporium.
  2841 | D:5      | Noticed Eustachio
  2889 | D:5      | Killed Eustachio
  2901 | D:5      | Reached skill level 10 in Long Blades
  2980 | D:5      | Found a transporter.
  3011 | D:5      | Found a snail-covered altar of Cheibriados.
  3112 | D:5      | Became a worshipper of Cheibriados the Contemplative
  3317 | D:6      | Found a hazy altar of Hepliaklqana.
  3328 | D:6      | Found a glowing golden altar of the Shining One.
  3328 | D:6      | Found an ornate altar of the Wu Jian Council.
  3330 | D:6      | Found a bloodstained altar of Trog.
  3331 | D:6      | Found a deep blue altar of Sif Muna.
  3440 | D:6      | Reached skill level 1 in Invocations
  3441 | D:6      | Found a sparkling altar of Nemelex Xobeh.
  4357 | D:7      | Reached * piety under Cheibriados
  4397 | D:7      | Gained mutation: You are completely covered in yellow
                  | scales. (AC +4, rCorr) [demonic ancestry]
  4397 | D:7      | Reached XP level 9. HP: 58/65 MP: 11/11
  4447 | D:7      | Found a staircase to the Ecumenical Temple.
  4752 | D:7      | Noticed Menkaure
  4757 | D:7      | Killed Menkaure
  4972 | D:7      | Reached skill level 5 in Fighting
  4985 | D:7      | Found a shimmering altar of Xom.
  4996 | D:7      | Reached ** piety under Cheibriados
  5133 | D:7      | Noticed harcile's ghost (novice HOFi)
  5134 | D:7      | Found a runed gate.
  5162 | D:7      | Found a runed gate.
  5163 | D:7      | Found a runed gate.
  5306 | D:8      | Reached skill level 5 in Invocations
  5306 | D:8      | Noticed a death yak
  5310 | D:8      | Noticed a death yak
  5318 | D:8      | Killed a death yak
  5321 | D:8      | Gained mutation: You are mostly covered in sharp spines.
                  | [demonic ancestry]
  5321 | D:8      | Reached XP level 10. HP: 40/79 MP: 12/14
  5328 | D:8      | Killed a death yak
  5687 | D:8      | Found a staircase to the Lair.
  5689 | D:8      | Noticed a death yak
  5701 | D:8      | Killed a death yak
  6901 | D:9      | Noticed a two-headed ogre
  6905 | D:9      | Reached *** piety under Cheibriados
  7285 | D:9      | Reached **** piety under Cheibriados
  7334 | D:9      | Reached XP level 11. HP: 65/90 MP: 17/17
  7605 | D:9      | Killed a two-headed ogre
  7643 | D:9      | Reached skill level 1 in Armour
  7661 | D:9      | Killed an unseen horror
  7661 | D:9      | Reached skill level 10 in Fighting
  7832 | D:9      | Found a stormy altar of Qazlal.
  8174 | D:7      | Found a roughly hewn altar of Beogh.
  8216 | D:7      | Killed harcile's ghost
  8560 | D:7      | Got a faintly glowing helmet
  8678 | D:10     | Entered Level 10 of the Dungeon
  8785 | D:10     | Found a flagged portal.
  8792 | Bailey   | Entered a bailey
  8798 | Bailey   | Reached ***** piety under Cheibriados
  9132 | Bailey   | Got a bloodstained robe
  9143 | Bailey   | Identified the +1 robe of Sif Muna's Pride {+Inv rElec}
                  | (You found it in a bailey)
  9509 | D:10     | Found an ancient bone altar of Kikubaaqudgha.
  9592 | D:10     | Reached skill level 10 in Invocations
  9856 | D:11     | Noticed a two-headed ogre
  9860 | D:11     | Killed a two-headed ogre
  9894 | D:11     | Reached skill level 5 in Dodging
  9927 | D:11     | Noticed a two-headed ogre
  9936 | D:11     | Killed a two-headed ogre
 10113 | D:11     | Gained mutation: You are immune to freezing clouds.
                  | [demonic ancestry]
 10113 | D:11     | Reached XP level 12. HP: 87/97 MP: 19/19
 10139 | D:11     | Found a staircase to the Orcish Mines.
 10243 | D:11     | Reached skill level 5 in Armour
 10286 | D:11     | Reached ****** piety under Cheibriados
 10582 | D:11     | Found Caukk's Antique Armour Boutique.
 10590 | D:11     | Bought a heavily runed plate armour for 700 gold pieces
 10602 | D:11     | Identified the cursed +0 plate armour of the New World {rF+
                  | Dex+5 Slay-5 Stlth+} (You bought it in a shop on level 11
                  | of the Dungeon)
 11683 | D:12     | Got a warped long sword
 11684 | D:12     | Identified the +6 long sword of Crusades {slice, rPois
                  | Str+7} (You found it on level 12 of the Dungeon)
 11802 | D:12     | Noticed Urug
 11812 | D:12     | Killed Urug
 12038 | D:12     | Noticed a five-headed hydra
 12046 | D:12     | Killed an eight-headed hydra
 12198 | Lair:1   | Entered Level 1 of the Lair of Beasts
 12596 | Lair:1   | Noticed Prince Ribbit
 12604 | Lair:1   | Killed Prince Ribbit
 13010 | Lair:2   | Found a labyrinth entrance.
 13020 | Lab      | Entered a labyrinth
 13162 | Lab      | Reached XP level 13. HP: 103/103 MP: 20/20
 14784 | Lab      | Noticed a minotaur
 14792 | Lab      | Killed a minotaur
 15808 | Lair:3   | Noticed Snorg
 15813 | Lair:3   | Killed Snorg
 16210 | Lair:4   | Found a staircase to the Shoals.
 16220 | Lair:4   | Found a dark tunnel.
 16232 | Volcano  | Entered a volcano
 16738 | Volcano  | Found a bloodstained altar of Trog.
 17136 | Lair:4   | Found a staircase to the Snake Pit.
 18274 | Lair:5   | Found a staircase to the Slime Pits.
 18910 | Lair:6   | Entered Level 6 of the Lair of Beasts
 19131 | Lair:6   | Reached XP level 14. HP: 58/110 MP: 22/22
 19459 | Lair:6   | Reached skill level 10 in Dodging
 19606 | Lair:6   | Reached skill level 10 in Armour
 19723 | Lair:6   | Found a runed door.
 20464 | Lair:6   | Gained mutation: Your spells are a little harder to cast,
                  | but a little more powerful. [potion of mutation]
 20464 | Lair:6   | Gained mutation: Your mind is acute. (Int +2) [potion of
                  | mutation]
 20983 | D:13     | Found a gate to the Vaults.
 21043 | D:13     | Found a deep blue altar of Sif Muna.
 21684 | D:14     | Found a frozen archway.
 21719 | IceCv    | Entered an ice cave
 21861 | IceCv    | Found an ancient bone altar of Kikubaaqudgha.
 21983 | IceCv    | Gained mutation: Your magical and physical power is
                  | slightly enhanced at high health. [demonic ancestry]
 21983 | IceCv    | Reached XP level 15. HP: 114/120 MP: 24/24
 22351 | D:14     | Found a blossoming altar of Fedhas.
 22806 | D:15     | Entered Level 15 of the Dungeon
 23290 | Orc:1    | Entered Level 1 of the Orcish Mines
 23312 | Orc:1    | Noticed Sonja
 23315 | Orc:1    | Killed Sonja
 23399 | Orc:1    | Noticed an orc warlord
 23410 | Orc:1    | Killed an orc warlord
 23580 | Orc:1    | Found Cineimn's Armour Boutique.
 23590 | Orc:1    | Bought a +1 cloak for 172 gold pieces
 23715 | Orc:2    | Entered Level 2 of the Orcish Mines
 23726 | Orc:2    | Found a staircase to the Elven Halls.
 23844 | Orc:2    | Found Eraolu's Book Shop.
 23844 | Orc:2    | Found Xeareroc's Distillery.
 23849 | Orc:2    | Found Ocrudahu's Food Shoppe.
 23853 | Orc:2    | Found Wizxoliph's Weapon Boutique.
 23873 | Orc:2    | Bought a potion of curing for 42 gold pieces
 23873 | Orc:2    | Bought 2 potions of heal wounds for 140 gold pieces
 23873 | Orc:2    | Bought a potion of curing for 42 gold pieces
 23930 | Orc:2    | Found a runed door.
 23930 | Orc:2    | Noticed Heatsaber's ghost (journeyman VSEn)
 24400 | Orc:2    | Killed Heatsaber's ghost
 24472 | Orc:1    | Noticed Maurice
 24476 | Orc:1    | Killed Maurice
 24630 | Elf:1    | Entered Level 1 of the Elven Halls
 24706 | Elf:1    | Noticed an Ice Fiend
 24709 | Elf:1    | Noticed a Tzitzimitl
 24839 | Elf:1    | Identified Qom Robb's Papyrus of the Invisible Lovers
 24897 | Elf:1    | Reached skill level 15 in Long Blades
 25009 | Elf:1    | Found Haotuahe's Gadget Emporium.
 25009 | Elf:1    | Found Nuutyl's Jewellery Shop.
 25010 | Elf:1    | Found Forchol's Jewellery Shop.
 25020 | Elf:1    | Bought the ring of Ybrehen {Fire rN+ Dex+4} for 669 gold
                  | pieces
 25301 | Elf:1    | Reached XP level 16. HP: 95/131 MP: 25/25
 26515 | D:15     | Found a staircase to the Depths.
 27145 | Shoals:1 | Entered Level 1 of the Shoals
 27956 | Shoals:2 | Reached skill level 15 in Fighting
 28648 | Shoals:3 | Noticed a kraken
 28811 | Snake:1  | Entered Level 1 of the Snake Pit
 29219 | Snake:1  | Found an opulent altar of Gozag.
 29285 | Snake:1  | Found Xyefec's Book Boutique.
 29291 | Snake:1  | Found Kacu's Distillery.
 29304 | Snake:1  | Bought a potion of curing for 51 gold pieces
 29304 | Snake:1  | Bought a potion of curing for 51 gold pieces
 29928 | Snake:2  | Gained mutation: You have a pair of horns on your head.
                  | [demonic ancestry]
 29928 | Snake:2  | Reached XP level 17. HP: 144/144 MP: 26/26
 30104 | Snake:2  | Found a transporter.
 30443 | Snake:2  | Noticed Kirke
 30447 | Snake:2  | Killed Kirke
 30611 | Snake:2  | Found a radiant altar of Vehumet.
 30872 | Snake:2  | Found a transporter.
 31147 | Snake:2  | Got a pair of spiked boots
 31153 | Snake:2  | Identified the +0 pair of boots of Egalitarianism {Regen+}
                  | (You found it on level 2 of the Snake Pit)
 31166 | Snake:2  | Got a twitching brass ring
 31168 | Snake:2  | Identified the ring of Ilohil {rN+ Slay+1} (You found it on
                  | level 2 of the Snake Pit)
 31714 | Snake:3  | Noticed Azrael
 31830 | Snake:3  | Killed Azrael
 31964 | Snake:3  | Noticed Louise
 31986 | Snake:3  | Killed Louise
 32721 | Snake:4  | Entered Level 4 of the Snake Pit
 33086 | Elf:2    | Found a runed gate.
 33086 | Elf:2    | Found a runed gate.
 33086 | Elf:2    | Found a runed gate.
 33389 | Elf:2    | Found Xacaut's Magic Scroll Shop.
 33404 | Elf:2    | Bought a scroll of enchant armour for 112 gold pieces
 33404 | Elf:2    | Bought a scroll of acquirement for 780 gold pieces
 33404 | Elf:2    | Bought 2 scrolls of identify for 60 gold pieces
 33421 | Elf:2    | Got a brightly glowing tin ring
 33423 | Elf:2    | Identified the ring of Leseygh {Wiz Str+5} (You acquired it
                  | on level 2 of the Elven Halls)
 33592 | Elf:3    | Entered Level 3 of the Elven Halls
 33705 | Elf:3    | Gained mutation: You have a pair of large horns on your
                  | head. [demonic ancestry]
 33705 | Elf:3    | Reached XP level 18. HP: 160/160 MP: 27/27
 33853 | Elf:3    | Cast into level 2 of the Abyss (a deep elf demonologist)
 33907 | Abyss:3  | Got a brightly glowing scimitar
 33931 | Elf:3    | Escaped the Abyss
 33937 | Elf:3    | Noticed a Hell Sentinel
 33939 | Elf:3    | Noticed a Brimstone Fiend
 33949 | Elf:3    | Identified the +7 scimitar "Zohyirucoi" {venom, Str+5} (You
                  | found it on level 3 of the Abyss)
 34393 | Elf:3    | Cast into level 2 of the Abyss (a deep elf demonologist)
 34397 | Abyss:2  | Found a burning altar of Makhleb.
 34502 | Abyss:2  | Found a corrupted altar of Lugonu.
 34549 | Abyss:3  | Found a bloodstained altar of Trog.
 34690 | Abyss:4  | Noticed an ancient lich
 34697 | Abyss:4  | Killed an ancient lich
 34706 | Elf:3    | Escaped the Abyss
 34873 | Elf:3    | Cast into level 2 of the Abyss (a deep elf demonologist)
 34995 | Abyss:2  | Gained mutation: You are clumsy. (Dex -2) [a cacodemon]
 35003 | Abyss:2  | Noticed a bone dragon
 35051 | Abyss:2  | Noticed a Hell Sentinel
 35066 | Abyss:2  | Killed a Hell Sentinel
 35091 | Elf:3    | Escaped the Abyss
 35926 | Shoals:4 | Entered Level 4 of the Shoals
 35944 | Shoals:4 | Noticed Polyphemus
 35947 | Shoals:4 | Reached XP level 19. HP: 163/166 MP: 28/28
 35963 | Shoals:4 | Killed Polyphemus
 36488 | Shoals:4 | Got a barnacled rune of Zot
 36771 | Shoals:4 | Got a glittering golden ring
 36907 | Shoals:4 | Identified the ring "Hatisa" {+Inv rPois rN+ MP+9 Stlth-}
                  | (You took it off a centaur on level 4 of the Shoals)
 38406 | Snake:4  | Got a serpentine rune of Zot
 39261 | Elf:3    | Got a transparent buckler
 39272 | Elf:3    | Identified the +0 buckler of Sunlight {rC+ MR+} (You took
                  | it off a deep elf demonologist on level 3 of the Elven
                  | Halls)
 39702 | Elf:3    | Reached XP level 20. HP: 161/174 MP: 29/29
 39704 | Elf:3    | Got a shimmering bronze ring
 39751 | Elf:3    | Identified the ring "Ximei" {rC++ rN+ MP+9 Dex-4 SInv} (You
                  | took it off a deep elf blademaster on level 3 of the Elven
                  | Halls)
 39856 | Elf:3    | Got a pitted wooden ring
 39866 | Elf:3    | Identified the ring of Nolor {rElec Str+5 Int+3} (You took
                  | it off a deep elf death mage on level 3 of the Elven Halls)
 40061 | Elf:3    | Got a fine buckler
 40072 | Elf:3    | Identified the cursed +0 buckler "Zetarioc" {-Cast rPois
                  | Stlth+} (You found it on level 3 of the Elven Halls)
 40091 | Elf:3    | Got a pair of jewelled boots
 40102 | Elf:3    | Identified the cursed +0 pair of boots of Heol {*Corrode
                  | rElec rF++ Int+3} (You found it on level 3 of the Elven
                  | Halls)
 40161 | Elf:3    | Identified the Grimoire of Poisonous Malediction
 40476 | Vaults:1 | Entered Level 1 of the Vaults
 41199 | Elf:2    | Lost mutation: You are clumsy. (Dex -2) [potion of
                  | mutation]
 41199 | Elf:2    | Lost mutation: Your spells are a little harder to cast, but
                  | a little more powerful. [potion of mutation]
 41199 | Elf:2    | Lost mutation: Your mind is acute. (Int +2) [potion of
                  | mutation]
 41199 | Elf:2    | Gained mutation: Your spells are a little easier to cast,
                  | but a little less powerful. [potion of mutation]
 41199 | Elf:2    | Gained mutation: You have an increased reservoir of magic.
                  | (+10% MP) [potion of mutation]
 41200 | Elf:2    | Lost mutation: Your spells are a little easier to cast, but
                  | a little less powerful. [potion of mutation]
 41200 | Elf:2    | Lost mutation: You have an increased reservoir of magic.
                  | (+10% MP) [potion of mutation]
 41200 | Elf:2    | Gained mutation: Your body sometimes deteriorates upon
                  | taking damage. [potion of mutation]
 41200 | Elf:2    | Gained mutation: You are covered in fur. (AC +1) [potion of
                  | mutation]
 41200 | Elf:2    | Gained mutation: You are weak. (Str -2) [potion of
                  | mutation]
 41200 | Elf:2    | Lost mutation: You are weak. (Str -2) [potion of mutation]
 43681 | Vaults:2 | Gained mutation: You are completely covered in sharp
                  | spines. [demonic ancestry]
 43681 | Vaults:2 | Reached XP level 21. HP: 171/183 MP: 30/30
 43692 | Vaults:2 | Found a staircase to the Crypt.
 43716 | Vaults:2 | Noticed Nikola
 43723 | Vaults:2 | Killed Nikola
 44011 | Vaults:2 | Found a runed door.
 44011 | Vaults:2 | Noticed Tat Loefany's ghost (adept MiBe)
 44027 | Vaults:2 | Killed Tat Loefany's ghost
 44547 | Depths:1 | Entered Level 1 of the Depths
 44629 | Depths:1 | Found a gateway to a ziggurat.
 44698 | Depths:1 | Found a gateway to Hell.
 44750 | Depths:1 | Paralysed by something for 5 turns
 44762 | Depths:1 | Paralysed by a vampire knight for 3 turns
 45185 | Depths:1 | Paralysed by something for 3 turns
 45598 | Depths:1 | Found a large runed door.
 45598 | Depths:1 | Found a large runed door.
 45599 | Depths:1 | Noticed Guruc's ghost (veteran GrFi)
 45721 | Depths:1 | Found a one-way gate to the infinite horrors of the Abyss.
 45860 | Depths:1 | Found an ancient bone altar of Kikubaaqudgha.
 45860 | Depths:1 | Cast into level 4 of the Abyss (a lich)
 45860 | Abyss:4  | Found a corrupted altar of Lugonu.
 45981 | Abyss:5  | Entered Level 5 of the Abyss
 46022 | Abyss:5  | Reached skill level 15 in Armour
 46038 | Depths:1 | Escaped the Abyss
 46044 | Depths:1 | Reached skill level 15 in Dodging
 46389 | Depths:1 | Found the +12 Vampire's Tooth {vamp}
 46975 | Depths:1 | Noticed Saint Roka
 46988 | Depths:1 | Killed Saint Roka
 47311 | Depths:1 | Found the +7 Spriggan's Knife {MR+ EV+4 Dex+4 Stlth+}
 47347 | Depths:1 | Got a scorched copper ring
 47348 | Depths:1 | Identified the ring of Elyvilon's Supremacy {Int+4 Dex+6
                  | SInv} (You found it on level 1 of the Depths)
 47710 | Depths:1 | Got a fine iron ring
 47713 | Depths:1 | Identified the ring "Bikyo" {Ice Int+8} (You found it on
                  | level 1 of the Depths)
 48268 | Depths:2 | Reached XP level 22. HP: 154/188 MP: 31/31
 48358 | Depths:2 | Paralysed by a sphinx for 5 turns
 48372 | Depths:1 | HP: 1/188 [sphinx/divine providence (14)]
 48808 | Depths:1 | Killed Guruc's ghost
 48952 | Depths:2 | Noticed a caustic shrike
 48955 | Depths:2 | Killed a caustic shrike
 49117 | Depths:2 | Noticed a caustic shrike
 49121 | Depths:2 | Killed a caustic shrike
 49267 | Depths:2 | Noticed a caustic shrike
 49273 | Depths:2 | Killed a caustic shrike
 49360 | Depths:2 | Noticed a caustic shrike
 49365 | Depths:2 | Noticed a caustic shrike
 49369 | Depths:2 | Killed a caustic shrike
 49430 | Depths:2 | Identified the Incunabulum of Destiny
 49720 | Depths:2 | Reached skill level 1 in Shields
 49833 | Depths:2 | Paralysed by a vampire knight for 2 turns
 49854 | Depths:2 | Reached skill level 5 in Shields
 49930 | Depths:2 | Identified the Volume of the Assistive Compass
 50402 | Depths:3 | Noticed an ancient lich
 50415 | Depths:3 | Paralysed by an ancient lich for 4 turns
 50420 | Depths:3 | Killed an ancient lich
 50420 | Depths:3 | Reached skill level 10 in Shields
 50479 | Depths:3 | Gained mutation: Your magical and physical power is
                  | enhanced at high health. [demonic ancestry]
 50479 | Depths:3 | Reached XP level 23. HP: 151/196 MP: 32/32
 50805 | Depths:3 | Noticed Asterion
 50815 | Depths:3 | Killed Asterion
 50831 | Depths:3 | Found a one-way gate leading to the halls of Pandemonium.
 51927 | Vaults:3 | Found a large runed door.
 51927 | Vaults:3 | Found a large runed door.
 51927 | Vaults:3 | Found a large runed door.
 51927 | Vaults:3 | Found a large runed door.
 51927 | Vaults:3 | Found a large runed door.
 51927 | Vaults:3 | Found a large runed door.
 51927 | Vaults:3 | Noticed Mehygaiv's ghost (adept GnFi)
 51930 | Vaults:3 | Found a large runed door.
 52120 | Vaults:3 | Found a large runed door.
 52458 | Vaults:3 | Killed Mehygaiv's ghost
 52692 | Vaults:4 | Reached skill level 15 in Shields
 53513 | Vaults:4 | Found Ceor Ama's Antique Weapon Emporium.
 53774 | Vaults:5 | Entered Level 5 of the Vaults
 53944 | Vaults:5 | Gained mutation: A meltable icy envelope protects you from
                  | harm. (AC +10) [demonic ancestry]
 53944 | Vaults:5 | Reached XP level 24. HP: 192/204 MP: 13/32
 55349 | Vaults:5 | Got a smoking ivory amulet
 55351 | Vaults:5 | Identified the amulet "Juliff" {Inacc rC++ MP+9 SInv
                  | Stlth+} (You found it on level 5 of the Vaults)
 55420 | Vaults:5 | Got a silver rune of Zot
 55579 | Vaults:5 | Lost mutation: Your body sometimes deteriorates upon taking
                  | damage. [potion of mutation]
 55579 | Vaults:5 | Lost mutation: You are covered in fur. (AC +1) [potion of
                  | mutation]
 55579 | Vaults:5 | Gained mutation: Your mind is acute. (Int +2) [potion of
                  | mutation]
 55579 | Vaults:5 | Gained mutation: You possess an exceptional clarity of
                  | mind. [potion of mutation]
 55579 | Vaults:5 | Gained mutation: You have sharp fingernails. [potion of
                  | mutation]
 55579 | Vaults:5 | Gained mutation: You are covered in fur. (AC +1) [potion of
                  | mutation]
 55623 | Vaults:5 | Noticed an ancient lich
 56295 | Vaults:5 | Killed an ancient lich
 56972 | Depths:3 | Found a corrupted altar of Lugonu.
 57025 | Depths:3 | Got a faintly glowing large shield
 57036 | Depths:3 | Identified the +0 large shield "Motz" {rF- rN+++ MP+9
                  | Int-3} (You acquired it on level 3 of the Depths)
 57341 | Depths:4 | Noticed Boris
 57349 | Depths:4 | Killed Boris
 57349 | Depths:4 | Gained mutation: Your magical and physical power is greatly
                  | enhanced at high health. [demonic ancestry]
 57349 | Depths:4 | Reached XP level 25. HP: 153/210 MP: 32/32
 57603 | Depths:4 | Noticed a juggernaut
 57614 | Depths:4 | Killed a juggernaut
 58312 | Depths:4 | Identified the Handbook of Damaging Transmigration
 58568 | Depths:4 | Got a transparent plate armour
 58576 | Depths:4 | Identified the cursed +0 plate armour of the Hills {Dex+4}
                  | (You found it on level 4 of the Depths)
 58588 | Depths:5 | Entered Level 5 of the Depths
 58909 | Depths:5 | Found a gate to the Realm of Zot.
 59052 | Depths:5 | Paralysed by a floating eye for 2 turns
 59062 | Depths:5 | Paralysed by a floating eye for 3 turns
 59139 | Depths:5 | Paralysed by a Zot trap for 4 turns
 59371 | Depths:5 | Paralysed by a lich for 2 turns
 59913 | Depths:4 | Voluntarily entered the Abyss.
 60079 | Abyss:1  | Reached XP level 26. HP: 155/218 MP: 32/32
 60084 | Depths:4 | Escaped the Abyss
 60161 | Zig:1    | Entered Level 1 of a ziggurat
 60198 | Zig:2    | Entered Level 2 of a ziggurat
 60286 | Hell     | Entered the Vestibule of Hell
 60286 | Hell     | Noticed Geryon
 60308 | Hell     | Killed Geryon
 60547 | Hell     | Found a gateway to the ashen valley of Gehenna.
 60826 | Hell     | Found a gateway to the decaying netherworld of Tartarus.
 60967 | Tar:1    | Entered Level 1 of Tartarus
 61383 | Crypt:1  | Entered Level 1 of the Crypt
 62315 | Crypt:2  | Paralysed by a vampire knight for 7 turns
 62319 | Crypt:2  | HP: 8/218 [vampire knight/vampiric draining (24)]
 62320 | Crypt:2  | Slain by a jiangshi

Skill      XL: |  1  2  3  4  5  6  7  8  9 10 11 12 13 14 15 16 17 18 19 20 21 22 23 24 25 26 |
---------------+-------------------------------------------------------------------------------+-----
Long Blades    | 3 4 5 6 7 9 10 11 12 13 14 15 18 20 | 20.5
Invocations    | 2 6 8 10 11 12 | 12.0
Fighting       | 3 7 9 10 11 13 16 19 20 | 20.0
Armour         | 4 7 9 10 11 12 13 15 16 18 19 | 19.8
Dodging        | 5 8 9 10 11 12 13 15 16 18 19 | 19.8
Shields        | 11 16 19 20 | 20.0
Throwing       | |  1.7

Action                   |  1- 3 |  4- 6 |  7- 9 | 10-12 | 13-15 | 16-18 | 19-21 | 22-24 | 25-27 || total
-------------------------+-------+-------+-------+-------+-------+-------+-------+-------+-------++-------
Melee: Long sword        |    56 |   135 |   293 |   704 |   880 |   122 |       |       |       ||  2190
       Headbutt          |     5 |    29 |    63 |   333 |   391 |   388 |   572 |   498 |   431 ||  2710
       Double sword      |       |       |       |       |       |   489 |       |       |       ||   489
       Scimitar          |       |       |       |       |       |   259 |  1180 |   983 |   841 ||  3263
Throw: Throwing net      |       |     1 |       |     1 |       |       |       |       |       ||     2
Invok: Slouch            |       |       |       |     4 |    22 |    18 |    22 |    20 |     4 ||    90
Evoke: Wand              |       |       |       |       |     5 |       |       |       |       ||     5
  Use: Scroll            |       |     5 |     1 |    12 |    18 |    20 |    12 |    12 |     2 ||    82
       Potion            |       |     1 |     3 |     2 |     1 |     1 |     6 |     3 |       ||    17
 Stab: Distracted        |       |       |       |       |       |       |     1 |     1 |     1 ||     3
  Eat: Chunk             |       |     3 |     7 |    17 |    18 |    14 |     6 |     8 |     4 ||    77
       Ration            |       |       |     1 |       |     3 |     3 |     6 |     3 |     2 ||    18
Armor: Leather armour    |     3 |       |       |       |       |       |       |       |       ||     3
       Ring mail         |    17 |     9 |       |       |       |       |       |       |       ||    26
       Chain mail        |       |    64 |   169 |   359 |   306 |   293 |   348 |   225 |   191 ||  1955
Dodge: Dodged            |    30 |    46 |    84 |   374 |   798 |   742 |   928 |   759 |   622 ||  4383
Block: Buckler           |       |    15 |    42 |   208 |   432 |   393 |   650 |   768 |   790 ||  3298
       Reflection        |       |       |       |       |       |       |    46 |    84 |    21 ||   151
       Other             |       |       |       |       |       |       |     1 |       |       ||     1
       Rpst.: Long sword |    13 |    19 |    24 |    77 |   152 |    21 |       |       |       ||   306
       Double sword      |       |       |       |       |       |    81 |       |       |       ||    81
       Scimitar          |       |       |       |       |       |    35 |   152 |   141 |   103 ||   431
